 Dungeon Crawl Stone Soup version 0.18-a0-1405-g73f4075 (webtiles) character file.

6022 JustSomeDude the Blocker (level 10, -3/71 HPs)
             Began as a Demonspawn Fighter on Feb 18, 2016.
             Engulfed by a cloud of flame (8 damage)
             ... on level 10 of the Dungeon on Feb 24, 2016.
             The game lasted 00:39:30 (9654 turns).

JustSomeDude the Blocker (Demonspawn Fighter)       Turns: 9654, Time: 00:39:30

Health: -3/71      AC: 13    Str: 14 (18) XL:     10   Next: 56%
Magic:  10/11      EV: 10    Int:  8 (9)  God:
Gold:   241        SH: 11    Dex: 11 (13) Spells: 1 memorised, 5 levels left

rFire  + . .     SeeInvis .     a - +0 trident
rCold  . . .     Gourm    .     b - +0 scale mail
rNeg   . . .     Faith    .     c - +1 shield
rPois  +         Spirit   .     (no helmet)
rElec  .         Dismiss  .     e - +1 cloak {rPois}
rCorr  .         Reflect  .     (no gloves)
SustAt .         Harm     .     (boots unavailable)
MR     +....                    (no amulet)
Stlth  ..........               (no ring)
                                j - ring of protection from fire

@: somewhat resistant to hostile enchantments, extremely unstealthy
A: hooves 3, thin metallic scales 2, deterioration 1, frail 1, magic resistance
1, weak 1, rot immunity
a: no special abilities


You were on level 10 of the Dungeon.
You were not hungry.

You visited 2 branches of the dungeon, and saw 11 of its levels.

You collected 516 gold pieces.
You spent 275 gold pieces at shops.

Inventory:

Hand Weapons
 a - a +0 trident (weapon)
Armour
 b - a +0 scale mail (worn)
 c - a +1 shield (worn)
 e - a +1 cloak of poison resistance (worn)
Jewellery
 j - a ring of protection from fire (left hand)
Wands
 k - a wand of disintegration (14/24)
 m - a wand of confusion (17/48)
 p - a wand of random effects (32/48)
 q - a wand of polymorph (2/24)
 u - a wand of flame (13/48)
 C - a wand of flame (14/48)
Scrolls
 l - a scroll of noise {unknown}
 n - a scroll of acquirement {unknown}
 o - 4 scrolls of enchant armour
 r - 3 scrolls of enchant weapon {unknown}
 t - 7 scrolls of identify
 v - a scroll of amnesia {unknown}
 x - a scroll of blinking {unknown}
 y - 3 scrolls of remove curse
 E - 2 scrolls of magic mapping
 F - a scroll of fear {unknown}
Books
 w - a book of Clouds

   Spells                             Type                      Level
   a - Mephitic Cloud                 Conjuration/Poison/Air       3
   b - Conjure Flame                  Conjuration/Fire             3
   c - Poisonous Cloud                Conjuration/Poison/Air       6
   d - Freezing Cloud                 Conjuration/Ice/Air          6
   e - Ring of Flames                 Charms/Fire                  7
 z - an Akashic Record

   Spells                             Type                      Level
   a - Dispersal                      Translocation                6
   b - Malign Gateway                 Summoning/Translocation      7
   c - Disjunction                    Translocation                8
   d - Controlled Blink               Translocation                8
 A - a book of Alchemy

   Spells                             Type                      Level
   a - Sublimation of Blood           Necromancy                   2
   b - Ignite Poison                  Fire/Transmutation/Poison    3
   c - Petrify                        Transmutation/Earth          4
   d - Alistair's Intoxication        Transmutation/Poison         5
   e - Irradiate                      Conjuration/Transmutation    5
Comestibles
 f - 6 bread rations
 h - 10 royal jellies


   Skills:
 + Level 7.1 Fighting
 + Level 6.7 Polearms
 + Level 6.5 Armour
 + Level 5.7 Dodging
 + Level 1.1 Stealth
 + Level 8.0 Shields
 * Level 1.2 Spellcasting
 * Level 1.3 Conjurations
 * Level 1.3 Air Magic
 * Level 1.5 Poison Magic


You had 5 spell levels left.
You knew the following spells:

 Your Spells              Type           Power        Failure   Level  Hunger
a - Poisonous Cloud       Conj/Pois/Air  #.........   100%        6    #######


Dungeon Overview and Level Annotations

Branches:
Dungeon (10/15)            Temple (1/1) D:4
   Lair: D:8-11         Orc: D:9-12

Altars:
Ashenzari
Cheibriados
Dithmenos
Elyvilon
Fedhas
Gozag
Kikubaaqudgha
Makhleb
Nemelex Xobeh
Okawaru
Pakellas
Qazlal
Ru
Sif Muna
Trog
Vehumet
Xom
Yredelemnul
Zin
The Shining One

Shops:
D:4 %   D:6 [(:!!


Innate Abilities, Weirdness & Mutations

You have hooves in place of feet.
You are mostly covered in thin metallic scales (AC +3).
You are immune to rotting.
Your body sometimes deteriorates upon taking damage.
You are frail (-10% HP).
You are resistant to hostile enchantments.
You are weak. (Str -2)


Message History

The fiery explosion engulfs you! You resist.
You are engulfed in roaring flames.
You resist.
Your body deteriorates!
You feel weakened.
Unknown command.
Unknown command.
Unknown command.
Unknown command.
Unknown command.
Unknown command.
You are engulfed in roaring flames.
You resist.
* * * LOW HITPOINT WARNING * * *
You are engulfed in roaring flames.
You resist.
* * * LOW HITPOINT WARNING * * *
You are engulfed in roaring flames.
You resist.
* * * LOW HITPOINT WARNING * * *
You are engulfed in roaring flames.
You resist.
* * * LOW HITPOINT WARNING * * *
You see here a giant club.
You are engulfed in roaring flames.
You resist.
You die...

,,,,,,,,.....,*,,,,,,,,******,,,,
,,,,,,........#,,,,,,,,*,,,,*,,,,
,,,,,,........#,,,,,,,,*,,,,*,,,,
,,,,,,,.......+,,,,,,,,*,,,,*,,,,
,,,,****#.....#####,,*+*,,,,**,,,
,,,,* #.%....§§§#,,*,,,,,,,*,,,
,,,,* #.....§§§§##,*,,,,,,,*,,,
,,,,* #%....§§§§§#<*,,,,,,,*,**
,,,,* #.....§§@###,*******+*,*
,,,,****#.%.<..§.#,,,,,,,,,,,,,*
,,,,,............#,,,,,,,,,,,,,*
,,,,,............#,,,,,,,,,,,,,*
,,,,,.#####......#**,,,,,,,,,,,*
,,,,,,*,,,#........*,,,,,,,,,,**
,,,,,,*,,,#........#,,,,,,,,,,*
*******,,,#........#,,,,,,,,,,*
,,,,,,,,,,####+#####,,,,,,,,,,*


There were no monsters in sight!

Vanquished Creatures
  A hill giant (D:10)
  A troll (D:10)
  A two-headed ogre (D:9)
  2 hungry ghosts
  A hippogriff (D:7)
  2 wolves (D:8)
  A water moccasin (D:9)
  2 orc warriors (D:7)
  A sky beast (D:9)
  2 black bears
  An eye of draining (D:8)
  5 ogres
  A wasp (D:7)
  4 ice beasts
  A phantom (D:9)
  A crocodile (D:9)
  3 centaurs
  2 big kobolds
  5 giant frogs
  2 scorpions
  13 killer bees
  An electric eel (D:8)
  5 crimson imps
  A giant frog zombie (D:8)
  5 orc wizards
  4 hounds
  5 jellies
  A giant frog skeleton (D:6)
  2 centaur skeletons
  3 iguanas
  2 hell rats (D:5)
  7 worker ants
  Terence (D:3)
  A killer bee zombie (D:8)
  A killer bee simulacrum (D:8)
  2 worker ant zombies
  7 gnolls
  7 adders
  6 river rats (D:5)
  2 shadow imps
  2 white imps (D:8)
  An ufetubus (D:8)
  5 oozes (D:8)
  2 adder skeletons
  2 adder zombies (D:5)
  4 worms
  An adder simulacrum (D:8)
  3 giant geckos
  16 orcs
  7 bats
  8 giant cockroaches
  6 hobgoblins
  16 jackals
  14 kobolds
  4 quokkas
  A giant gecko simulacrum (D:8)
  A giant gecko zombie (D:5)
  7 giant newts
  4 goblins
  A jackal skeleton (D:4)
  27 rats
247 creatures vanquished.

Notes
Turn   | Place    | Note
--------------------------------------------------------------
     0 | D:1      | JustSomeDude the Demonspawn Fighter began the quest for the Orb.
     0 | D:1      | Reached XP level 1. HP: 18/18 MP: 1/1
   358 | D:1      | Gained mutation: You are immune to rotting. [demonic ancestry]
   358 | D:1      | Reached XP level 2. HP: 24/24 MP: 2/2
   755 | D:2      | Reached XP level 3. HP: 27/29 MP: 3/3
  1558 | D:3      | Noticed Terence
  1609 | D:3      | Killed Terence
  1609 | D:3      | Reached XP level 4. HP: 29/35 MP: 4/4
  1907 | D:3      | You fall through a shaft!
  2621 | D:3      | Found an ancient bone altar of Kikubaaqudgha.
  2622 | D:3      | Found a white marble altar of Elyvilon.
  2718 | D:4      | Reached XP level 5. HP: 42/42 MP: 5/5
  2720 | D:4      | Reached skill level 1 in Dodging
  2780 | D:4      | Noticed an ogre
  2800 | D:4      | Killed an ogre
  3039 | D:4      | Reached skill level 4 in Shields
  3039 | D:4      | Gained mutation: You have large cloven feet. [demonic ancestry]
  3039 | D:4      | Reached XP level 6. HP: 44/48 MP: 6/6
  3044 | D:4      | Found a staircase to the Ecumenical Temple.
  3102 | D:4      | Found Wiqef's Food Shop.
  3295 | Temple   | Entered the Ecumenical Temple
  3432 | D:5      | Entered Level 5 of the Dungeon
  3437 | D:5      | Noticed an ice beast
  3499 | D:5      | Killed an ice beast
  3902 | D:5      | Gained mutation: You have hoof-like feet. [demonic ancestry]
  3902 | D:5      | Reached XP level 7. HP: 31/54 MP: 7/7
  4809 | D:5      | Reached skill level 5 in Shields
  4885 | D:5      | Noticed a hungry ghost
  4910 | D:5      | Killed a hungry ghost
  4910 | D:5      | Reached skill level 5 in Fighting
  4910 | D:5      | Reached XP level 8. HP: 53/62 MP: 8/8
  5203 | D:5      | Found a burning altar of Makhleb.
  5203 | D:5      | Found a shimmering altar of Xom.
  5405 | D:6      | Found Puceont's Distillery.
  5410 | D:6      | Bought a potion of heal wounds for 55 gold pieces
  5410 | D:6      | Bought 2 potions of curing for 66 gold pieces
  5410 | D:6      | Bought a potion of curing for 33 gold pieces
  5428 | D:6      | Found Poletem's Distillery.
  5436 | D:6      | Bought a potion of lignification for 33 gold pieces
  5436 | D:6      | Bought a potion of curing for 33 gold pieces
  5436 | D:6      | Bought a potion of heal wounds for 55 gold pieces
  5462 | D:6      | Found Ejovik's Book Emporium.
  5898 | D:6      | Found Mixoisol's Weapon Boutique.
  5916 | D:6      | Found Faim's Antique Armour Boutique.
  5983 | D:6      | Reached skill level 6 in Shields
  6385 | D:7      | Reached skill level 5 in Armour
  6419 | D:7      | Gained mutation: You have hooves in place of feet. [potion of mutation]
  6419 | D:7      | Gained mutation: You are frail (-10% HP). [potion of mutation]
  6419 | D:7      | Gained mutation: You are resistant to hostile enchantments. [potion of mutation]
  6444 | D:7      | Reached skill level 5 in Polearms
  6698 | D:7      | Gained mutation: You are partially covered in thin metallic scales (AC +2). [demonic ancestry]
  6698 | D:7      | Reached XP level 9. HP: 27/61 MP: 9/9
  6929 | D:7      | Found an oddly glowing altar of Pakellas.
  7266 | D:7      | Reached skill level 7 in Shields
  7590 | D:8      | Reached skill level 1 in Stealth
  8029 | D:8      | Reached skill level 5 in Dodging
  8386 | D:8      | Gained mutation: You are mostly covered in thin metallic scales (AC +3). [demonic ancestry]
  8386 | D:8      | Reached XP level 10. HP: 46/69 MP: 10/10
  8601 | D:8      | Found an opulent altar of Gozag.
  8601 | D:8      | Found a glowing golden altar of the Shining One.
  8604 | D:8      | Found an iron altar of Okawaru.
  8847 | D:9      | Upgraded the game from 0.18-a0-1350-g404b4cb to 0.18-a0-1372-gd644665
  9027 | D:9      | Upgraded the game from 0.18-a0-1372-gd644665 to 0.18-a0-1390-gc02854d
  9027 | D:9      | Upgraded the game from 0.18-a0-1390-gc02854d to 0.18-a0-1396-g8753ca6
  9063 | D:9      | Upgraded the game from 0.18-a0-1396-g8753ca6 to 0.18-a0-1405-g73f4075
  9235 | D:9      | Learned a level 6 spell: Poisonous Cloud
  9424 | D:9      | Gained mutation: Your body sometimes deteriorates upon taking damage. [mutagenic meat]
  9426 | D:9      | Gained mutation: You are weak. (Str -2) [mutagenic meat]
  9531 | D:9      | Found a sacrificial altar of Ru.
  9631 | D:10     | Entered Level 10 of the Dungeon
  9632 | D:10     | Noticed a hill giant
  9649 | D:10     | Reached skill level 1 in Poison Magic
  9649 | D:10     | Reached skill level 1 in Air Magic
  9649 | D:10     | Killed a hill giant
  9649 | D:10     | Reached skill level 8 in Shields
  9649 | D:10     | Reached skill level 1 in Spellcasting
  9649 | D:10     | Reached skill level 1 in Conjurations
  9654 | D:10     | Engulfed by a cloud of flame

Vault maps used:
D:1:      saegor_arrival_under_anarchy
D:2:      minmay_door_square, serial_park_tiny_pond
D:3:      gammafunk_temple_overflow_statue, first_bread, kennysheep_boxes,
          uniq_terence
D:4:      minmay_temple_entry_statues, serial_shops, nicolae_shop_stone
D:5:      lemuel_ratsnest, grunt_temple_overflow_champion_of_chaos
D:6:      serial_shops, shop, shop, shop, shop, kennysheep_mini
D:7:      grunt_pakellas_sulfur
D:8:      minitemple, serial_ice, serial_ice_g, serial_ice_i, serial_ice_e,
          serial_ice_n, hangedman_little_slice_of_home
D:9:      hangedman_ru_absence
Temple:   circular_temple_pool_12

Skill      XL: |  1  2  3  4  5  6  7  8  9 10 |
---------------+-------------------------------+-----
Dodging        | 1 5 |  5.7
Shields        | 4 5 6 7 8 |  8.0
Fighting       | 5 7 |  7.1
Armour         | 5 |  6.5
Polearms       | 5 |  6.7
Stealth        | 1 |  1.1
Poison Magic   | 1 |  1.5
Air Magic      | 1 |  1.3
Spellcasting   | 1 |  1.2
Conjurations   | 1 |  1.3

Action                   |  1- 3 |  4- 6 |  7- 9 | 10-12 || total
-------------------------+-------+-------+-------+-------++-------
Melee: Trident           |   199 |   256 |   774 |   167 ||  1396
  Use: Potion            |       |     4 |    18 |     4 ||    26
       Scroll            |       |       |       |     6 ||     6
  Eat: Chunk             |     2 |     3 |     5 |     4 ||    14
       Meat ration       |       |     1 |     1 |       ||     2
       Beef jerky        |       |       |     3 |       ||     3
       Pizza             |       |       |     2 |     3 ||     5
       Bread ration      |       |       |     2 |       ||     2
       Fruit             |       |       |     1 |     2 ||     3
